 Dungeon Crawl Stone Soup version 0.28.0 (webtiles) character file.

Game seed: 3461855061972250611

243496 browni3141 the Slayer (level 18, -10/277 HPs)
             Began as a Minotaur Berserker on Feb 18, 2022.
             Was a High Priest of Trog.
             Mangled by an acid blob (28 damage)
             ... on level 5 of the Pits of Slime.
             The game lasted 00:39:30 (43337 turns).

browni3141 the Slayer (Minotaur Berserker)         Turns: 43337, Time: 00:39:30

Health: -10/277    AC: 18    Str: 31    XL:     18   Next: 70%
Magic:  9/15       EV: 10    Int: 10    God:    Trog [*****.]
Gold:   1251       SH: 27    Dex: 11    Spells: 17/17 levels left

rFire   + . .      SeeInvis .   u - +3 broad axe (flame)
rCold   + + .      Faith    .   Z - +6 tower shield {rC+}
rNeg    . . .      Spirit   .   A - +1 plate armour {rF+}
rPois   +          Reflect  .   I - +2 hat
rElec   .          Harm     .   T - +1 cloak
rCorr   +          Rampage  .   O - +0 pair of gloves {Stlth+}
Will    +....                   J - +0 pair of boots
Stlth   ..........              Y - amulet of the acrobat
HPRegen 0.56/turn               k - ring "Joshrasupt" {rC+ Int+4}
MPRegen 0.14/turn               R - ring of resist corrosion

@: berserking, corroded, studying Long Blades, very quick
A: horns 2, retaliatory headbutt, clever 1, deformed body, low MP 1, passive
freeze, poison resistance, strong 1
}: 2/15 runes: decaying, serpentine
a: Renounce Religion, Berserk, Trog's Hand, Brothers in Arms


You were on level 5 of the Pits of Slime.
You worshipped Trog.
Trog was extremely pleased with you.
You visited 7 branches of the dungeon, and saw 36 of its levels.
You also visited: Ice Cave.

You collected 2924 gold pieces.
You spent 1673 gold pieces at shops.


Innate Abilities, Weirdness & Mutations

You have a pair of horns on your head.
You reflexively headbutt those who attack you in melee.
Your mind is acute. (Int +2)
Armour fits poorly on your strangely shaped body.
Your magical capacity is low. (-10% MP)
A frigid envelope surrounds you and freezes all who hurt you.
Your system is resistant to poisons. (rPois)
Your muscles are strong. (Str +2)


   Skills:
 * Level 22.5 Fighting
 - Level 18.0 Axes
 + Level 17.8 Armour
 - Level 8.0 Dodging
 + Level 20.6 Shields
 - Level 7.5 Evocations


You had 17 spell levels left.
You didn't know any spells.
Your spell library was empty.

Inventory:

Hand Weapons
 u - a +3 broad axe of flaming (weapon)
Missiles
 o - 5 curare-tipped darts (quivered) {@f4}
 z - a throwing net
Armour
 A - a +1 plate armour of fire resistance (worn)
 G - +0 ice dragon scales
 I - a +2 hat (worn)
 J - a +0 pair of boots (worn)
 N - a +2 tower shield of poison resistance {@f3}
 O - a +0 pair of gloves of stealth (worn)
 T - a +1 cloak (worn)
 W - a +3 plate armour of poison resistance {@f3}
 Z - a +6 tower shield of cold resistance (worn)
Jewellery
 k - the ring "Joshrasupt" (left hand) {rC+ Int+4}
   (You found it on level 2 of the Dungeon)

   [ring of protection from cold]

   Int:       It affects your intelligence (+4).
   rC:        It protects you from cold.
 C - a ring of ice
 E - a +4 ring of evasion
 H - an amulet of faith {!P}
 M - a ring of willpower
 R - a ring of resist corrosion (right hand)
 Y - an amulet of the acrobat (around neck)
Wands
 b - a wand of paralysis (15)
 m - a wand of mindburst (10)
 t - a wand of digging (8)
 x - a wand of iceblast (33)
 B - a wand of acid (7)
 L - a wand of flame (21)
Scrolls
 a - 3 scrolls of fog {@r5}
 c - 7 scrolls of blinking {@r3}
 d - 3 scrolls of immolation {!r}
 g - a scroll of identify {@r1}
 l - 3 scrolls of vulnerability {!r}
 q - 5 scrolls of noise {!r}
 r - 4 scrolls of holy word
 s - 12 scrolls of teleportation {@r4}
 w - 3 scrolls of silence {!r}
 y - 2 scrolls of summoning
 K - 5 scrolls of fear
Potions
 e - 4 potions of haste {@q3}
 f - 5 potions of flight
 h - 6 potions of heal wounds {@q2}
 i - 8 potions of magic
 j - 3 potions of might
 n - 2 potions of attraction {!q}
 p - 16 potions of curing {@q1}
 v - 3 potions of cancellation
 D - 3 potions of invisibility
 F - 5 potions of degeneration {!q}
 S - 2 potions of ambrosia
 U - a potion of lignification {!q}
 V - 3 potions of resistance
Miscellaneous
 P - a piece from Xom's chessboard (15/15)
 X - a tin of tremorstones (1/2) {@f1}

Dungeon Overview and Level Annotations

Branches:
Dungeon (15/15)            Temple (1/1) D:6            Lair (6/6) D:11
  Swamp (4/4) Lair:4        Snake (4/4) Lair:2        Slime (5/5) Lair:5
    Orc (2/2) D:10            Elf (0/3) Orc:2        Vaults (0/5) D:14
 Depths (0/4) D:15          IceCv (visited)

Altars:
Cheibriados
Dithmenos
Fedhas
Gozag
Makhleb
Nemelex Xobeh
Ru
Trog
Uskayaw
Beogh
Jiyva
Lugonu

Shops:
D:3 ?   Orc:1 [?!(   Orc:2 :!:*   Snake:1 *

Portals:
Trove: D:14 (give 14 scrolls of teleportation)

Annotations:
Lair:1 exclusion: orange crystal statue

.................................
##...............................
#................................
##...............................
###..............................
.................................
............................^....
...............J.................
<............JJJ@................
...............¦¦.¦.¦¦¦¦.........
............J¦¦¦¦¦¦ ¦........
............¦¦ ........
...........¦¦ ¦......
...........¦ ¦..... ..........¦¦
¦..... ..........¦ ¦¦....
.........¦¦


You could see an acid blob, a large slime creature and 3 slime creatures.


Message History

You feel less strong-willed.
You are no longer corroded.
The acid blob spits acid at you.
The splash of acid hits you but does no damage.
The acid blob spits acid at you. The splash of acid hits you! You resist.
* * * LOW HITPOINT WARNING * * *
The acid corrodes you!
A red film seems to cover your vision as you go berserk!
You feel yourself moving faster!
You feel mighty! The acid blob spits acid at you. The splash of acid hits you!
You resist.
* * * LOW HITPOINT WARNING * * *
A slime creature comes into view. x2 3 slime creatures come into view.
You feel a strong urge to attack something.
The slime creature quivers. x2
The acid blob hits you!
* * * LOW HITPOINT WARNING * * *
You are splashed with acid.
You resist.
* * * LOW HITPOINT WARNING * * *
The acid blob is very cold.
The acid blob is lightly wounded.
Two slime creatures merge to form a large slime creature.
You slice the acid blob!! You burn the acid blob!
Your hands burn!
* * * LOW HITPOINT WARNING * * *
You headbutt the acid blob!
The acid blob is heavily wounded.
You slash the slime creature! You burn the slime creature.
The acid blob hits you!!
You die...

Skill      XL: |  1  2  3  4  5  6  7  8  9 10 11 12 13 14 15 16 17 18 |
---------------+-------------------------------------------------------+-----
Axes           | 4 5 6 7 8 10 12 14 16 17 18 | 18.0
Fighting       | 4 5 6 7 9 10 12 14 16 17 19 21 22 | 22.5
Armour         | 3 4 5 7 8 10 11 12 13 14 15 16 17 | 17.8
Evocations     | 3 4 6 7 |  7.5
Shields        | 11 17 18 19 20 | 20.6
Dodging        | 6 8 |  8.0

Action                   |  1- 3 |  4- 6 |  7- 9 | 10-12 | 13-15 | 16-18 || total
-------------------------+-------+-------+-------+-------+-------+-------++-------
Melee: Hand axe          |    50 |    61 |       |       |       |       ||   111
       Headbutt          |     6 |    12 |    40 |   115 |   233 |   292 ||   698
       Punch             |     1 |     1 |     1 |     8 |     9 |       ||    20
       War axe           |       |    40 |   232 |   515 |   239 |       ||  1026
       Broad axe         |       |       |       |       |   717 |  1115 ||  1832
Throw: Dart              |       |       |       |     2 |     3 |       ||     5
Invok: Berserk           |     1 |     3 |     6 |    23 |    24 |    32 ||    89
       Trog's Hand       |       |       |       |     2 |     2 |     4 ||     8
Evoke: Wand              |       |       |       |     2 |     2 |       ||     4
       Tin of tremorston |       |       |       |       |       |     2 ||     2
  Use: Scroll            |       |       |       |     9 |    15 |    11 ||    35
       Potion            |       |       |       |       |     2 |     8 ||    10
 Stab: Sleeping          |     1 |       |       |       |       |       ||     1
       Petrified         |       |       |       |       |     8 |       ||     8
       Petrifying        |       |       |       |       |     1 |       ||     1
Armor: Animal skin       |     5 |       |       |       |       |       ||     5
       Plate armour      |     8 |    78 |   157 |   335 |   413 |   343 ||  1334
       Ice dragon scales |       |       |       |       |    39 |       ||    39
       Skin              |       |       |       |       |       |     8 ||     8
Dodge: Dodged            |    20 |    54 |    91 |   169 |   266 |   270 ||   870
Block: Kite shield       |       |       |       |       |    96 |       ||    96
       Tower shield      |       |       |       |       |   290 |  1161 ||  1451
       Buckler           |       |       |       |       |     7 |       ||     7

Levels and vault maps discovered:
D:1:      minmay_arrival_doors, layout_loops_cross,
          shapermc_ecumenical_altar_flowoftime, grunt_decor_resistance,
          hangedman_decor_peaks_small, kennysheep_decorative_pillar
D:2:      layout_basic, basic_altar, minmay_surrounded, uniq_sigmund
D:3:      layout_rooms, grunt_dithmenos_smoke_and_mirrors, serial_shops,
          shop_statue, minmay_starry_boxes, uniq_ijyb
D:4:      layout_rooms, mainiacjoe_overflow_concentric_impassable,
          hellmonk_ghost_happy_afterlife, minmay_manual_mail, uniq_edmund
D:5:      layout_rooms, old_standard_altar, gammafunk_ghost_mausoleum,
          kennysheep_another_room, minmay_liquid_box
D:6:      layout_basic, nicolae_overflow_hidden_temple,
          minmay_temple_entry_tees, minmay_fire_ice_demons, uniq_prince_ribbit1,
          uniq_pikel, uniq_blork_the_orc
D:7:      layout_basic
D:8:      layout_loops_corners, old_standard_altar,
          gammafunk_temple_overflow_statue, grunt_ministairs_1,
          minmay_ruined_shrine
D:10:     layout_gridville, fedhas_ov_isle_minmay, david_orc_4,
          serial_co_window_serial, co_window_of_opportunity_a,
          co_window_corner_a, co_window_paths_a, co_window_paths_a,
          co_window_corner_a, co_window_broadway_a, co_window_broadway_a,
          co_window_corner_b, glass_columns_c, glass_columns_c, glass_columns_c,
          glass_columns_a, glass_columns_b
D:11:     layout_grid_maze, dpeg_oklobed_lair
D:12:     layout_loops_ring, nicolae_ru_sacrificial_ziggurat
D:13:     minmay_slanted_spiral_squares, layout_irregular_city
D:14:     layout_roguey, david_vaults_5, special_room [special_room_orc],
          minivault_14, serial_glass, glass_columns_a, glass_columns_c,
          glass_columns_a, glass_columns_b, glass_columns_a, glass_columns_c,
          nicolae_trove_entry_columns, uniq_agnes, uniq_kirke
D:15:     gammafunk_enter_depths_forms, layout_stronghold, serial_park_square3
          [serial_park_minivault_5x5_5], tgw_lugonu_bribe
Temple:   dshaligram_water_room_temple
Lair:1:   layout_regular_city, minmay_holes, disabler_island
Lair:2:   layout_loops_ring, guppyfry_snake_entry_garden, uniq_fannar
Lair:3:   layout_hall_layers, lightli_volcano_entry_magma_tube,
          nicolae_lair_lindhole, serial_bayou_shore_b, uniq_nergalle
Lair:4:   layout_concentric_octagons, minmay_swamp_entry_worms
Lair:5:   layout_hall_layers, slime_altar_1, st_stairs_4,
          grunt_forest_small_clearings
Lair:6:   grunt_lair_end_beastmaster, layout_cave_pods, serial_bayou_shore_a
Swamp:1:  layout_basic_swamp, evilmike_swamp_ruin_house_2
Swamp:2:  layout_falls_marsh, nicolae_swamp_ascending_descending
Swamp:3:  layout_falls_marsh, evilmike_swamp_ruin_house_3, swamp_pool2
Swamp:4:  swamp_vile, layout_basic_swamp, swamp_pool3,
          infiniplex_staircase_pool, uniq_roxanne
Snake:1:  layout_concentric_octagons, ebering_ghost_gozag
Snake:2:  layout_honeycomb, serial_shops, shop, nicolae_snake_gridmaze_spiral,
          grunt_ministairs_4, nicolae_shop_firing_range, grunt_megastairs_5,
          uniq_frances
Snake:3:  minmay_snake_river, layout_misc_corridors, basic_altar,
          grunt_megastairs_1, uniq_asterion
Snake:4:  grunt_snake_rune_pools, layout_basic, lemuel_fruit_tree
Slime:1:  layout_caves
Slime:2:  layout_caves
Slime:3:  layout_caves, cheibrodos_slime_lost_civilization_4
Slime:4:  layout_caves
Slime:5
Orc:1:    layout_diamond_mine, serial_shops, shop_statue, shop, shop, shop,
          portal_ice_cave_entry_animals_and_master, bloody_makhleb, uniq_jorgrun
Orc:2:    pubby_orc_utopia, serial_shops, uniq_azrael

Notes
Turn   | Place    | Note
-------+----------+-------------------------------------------
     0 | D:1      | browni3141 the Minotaur Berserker began the quest for the
                  | Orb.
     0 | D:1      | Reached XP level 1. HP: 19/19 MP: 0/0
   330 | D:1      | Reached skill level 4 in Axes
   361 | D:1      | Reached XP level 2. HP: 22/27 MP: 1/1
   711 | D:1      | Found a faded altar of an unknown god.
  1001 | D:2      | Reached skill level 4 in Fighting
  1084 | D:2      | Reached skill level 3 in Armour
  1084 | D:2      | Reached XP level 3. HP: 33/33 MP: 2/2
  1084 | D:2      | Found a snail-covered altar of Cheibriados.
  1084 | D:2      | Noticed Sigmund
  1101 | D:2      | Killed Sigmund
  1102 | D:2      | Reached skill level 5 in Axes
  1102 | D:2      | Reached XP level 4. HP: 41/41 MP: 3/3
  1102 | D:2      | Reached XP level 5. HP: 47/47 MP: 4/4
  1296 | D:2      | Reached skill level 4 in Armour
  1352 | D:2      | Reached skill level 6 in Axes
  1524 | D:2      | Identified the ring "Joshrasupt" {rC+ Int+4}
  1691 | D:3      | Found Losoiwka's Magic Scroll Shop.
  1712 | D:3      | Reached ** piety under Trog
  1713 | D:3      | Reached skill level 5 in Fighting
  1798 | D:3      | Found a shadowy altar of Dithmenos.
  2265 | D:3      | Noticed Ijyb
  2276 | D:3      | Killed Ijyb
  2277 | D:3      | Reached XP level 6. HP: 18/56 MP: 5/5
  2282 | D:3      | HP: 5/56 [poisoned by Ijyb]
  2968 | D:4      | Reached skill level 7 in Axes
  2984 | D:4      | Noticed Edmund
  2997 | D:4      | Killed Edmund
  2998 | D:4      | Reached skill level 5 in Armour
  2998 | D:4      | Reached XP level 7. HP: 37/62 MP: 6/6
  3011 | D:4      | Reached skill level 6 in Fighting
  3027 | D:4      | Reached skill level 8 in Axes
  3320 | D:4      | Found a runed translucent door.
  3330 | D:4      | Found an opulent altar of Gozag.
  3368 | D:4      | Noticed Bediveer's ghost (amateur FoAK)
  3397 | D:4      | Killed Bediveer's ghost
  3520 | D:4      | Reached XP level 8. HP: 66/71 MP: 7/7
  3538 | D:4      | Reached skill level 6 in Armour
  3540 | D:4      | Reached *** piety under Trog
  3751 | D:5      | Entered Level 5 of the Dungeon
  3801 | D:5      | Found a bloodstained altar of Trog.
  3810 | D:5      | Reached skill level 9 in Axes
  3951 | D:5      | Found a transporter.
  3955 | D:5      | Noticed mortz's ghost (novice DrFE)
  3958 | D:5      | Found a transporter.
  3979 | D:5      | Reached skill level 7 in Fighting
  4450 | D:5      | Killed mortz's ghost
  4451 | D:5      | Reached skill level 10 in Axes
  4451 | D:5      | Reached skill level 7 in Armour
  4590 | D:6      | Reached XP level 9. HP: 80/81 MP: 8/8
  4610 | D:6      | Noticed Prince Ribbit
  4624 | D:6      | Killed Prince Ribbit
  4625 | D:6      | Reached skill level 8 in Fighting
  4716 | D:6      | Reached skill level 11 in Axes
  4788 | D:6      | Paralysed by a hornet for 2 turns
  4797 | D:6      | HP: 7/82 [poisoned by a hornet]
  5140 | D:6      | Reached skill level 8 in Armour
  5406 | D:6      | Noticed Pikel
  5412 | D:6      | Killed Pikel
  5926 | D:6      | Found a staircase to the Ecumenical Temple.
  5941 | D:6      | Noticed Blork the orc
  5947 | D:6      | Killed Blork the orc
  5948 | D:6      | Reached skill level 12 in Axes
  6241 | D:6      | Reached skill level 9 in Fighting
  6409 | D:6      | Found a sacrificial altar of Ru.
  6594 | Temple   | Entered the Ecumenical Temple
  6863 | D:7      | Reached **** piety under Trog
  7125 | D:7      | Reached XP level 10. HP: 82/91 MP: 9/9
  7221 | D:7      | Reached skill level 9 in Armour
  8115 | D:8      | Reached skill level 13 in Axes
  8422 | D:8      | Found a sparkling altar of Nemelex Xobeh.
  8432 | D:8      | You fall into a shaft and drop 2 floors!
  8432 | D:10     | Entered Level 10 of the Dungeon
  8527 | D:10     | Reached skill level 10 in Fighting
  8800 | D:10     | Found a staircase to the Orcish Mines.
  9118 | D:10     | Reached skill level 14 in Axes
  9118 | D:10     | Reached skill level 10 in Armour
  9436 | D:10     | Found a blossoming altar of Fedhas.
  9878 | D:11     | Noticed a two-headed ogre
  9882 | D:11     | Noticed a two-headed ogre
  9887 | D:11     | Killed a two-headed ogre
  9895 | D:11     | Killed a two-headed ogre
 10151 | D:11     | Found a staircase to the Lair.
 10151 | D:11     | Noticed a boulder beetle
 10165 | D:11     | Killed a boulder beetle
 10166 | D:11     | Reached XP level 11. HP: 55/101 MP: 10/10
 10409 | D:11     | Noticed an oklob plant
 10533 | D:11     | Reached skill level 11 in Fighting
 10745 | D:11     | Noticed a two-headed ogre
 10751 | D:11     | Killed a two-headed ogre
 10752 | D:11     | Reached skill level 15 in Axes
 11454 | D:11     | Noticed a boulder beetle
 11463 | D:11     | Killed a boulder beetle
 11464 | D:11     | Reached skill level 11 in Armour
 11678 | D:11     | Killed an oklob plant
 11679 | D:11     | Reached skill level 1 in Evocations
 11897 | Lair:1   | Entered Level 1 of the Lair of Beasts
 11929 | Lair:1   | HP: 10/104 [poisoned by a cane toad]
 12710 | Lair:1   | Noticed an orange crystal statue
 12744 | Lair:1   | Reached skill level 2 in Evocations
 12746 | Lair:1   | Reached skill level 12 in Fighting
 13657 | Lair:2   | Reached skill level 16 in Axes
 13963 | Lair:2   | Noticed Fannar
 13976 | Lair:2   | Killed Fannar
 14066 | Lair:2   | Noticed a death yak
 14075 | Lair:2   | Killed a death yak
 14076 | Lair:2   | Reached skill level 3 in Evocations
 14076 | Lair:2   | Reached XP level 12. HP: 113/113 MP: 11/11
 14358 | Lair:2   | Found a staircase to the Snake Pit.
 14854 | Lair:2   | You fall into a shaft and drop 2 floors!
 15172 | Lair:4   | Reached skill level 13 in Fighting
 15280 | Lair:4   | Found a staircase to the Swamp.
 15643 | Lair:3   | Reached skill level 12 in Armour
 15861 | Lair:3   | Noticed Nergalle
 15881 | Lair:3   | Killed Nergalle
 15882 | Lair:3   | Reached skill level 4 in Evocations
 15997 | Lair:3   | Reached skill level 17 in Axes
 16110 | Lair:3   | Found a dark tunnel.
 17179 | Lair:4   | Reached skill level 14 in Fighting
 17517 | Lair:4   | Noticed a five-headed hydra
 17530 | Lair:4   | Killed a 15-headed hydra
 18020 | Lair:5   | Reached XP level 13. HP: 125/125 MP: 12/12
 18045 | Lair:5   | Reached skill level 5 in Evocations
 18508 | Lair:5   | Found a viscous altar of Jiyva.
 18508 | Lair:5   | Found a staircase to the Slime Pits.
 19060 | Lair:6   | Entered Level 6 of the Lair of Beasts
 19262 | Lair:6   | Reached skill level 15 in Fighting
 19266 | Lair:6   | Reached skill level 18 in Axes
 19269 | Lair:6   | Reached skill level 13 in Armour
 19621 | Lair:6   | Reached skill level 6 in Evocations
 20418 | Lair:6   | Reached skill level 16 in Fighting
 20421 | Lair:6   | Reached ***** piety under Trog
 21788 | Orc:1    | Entered Level 1 of the Orcish Mines
 21788 | Orc:1    | Found Seiner's Antique Armour Shop.
 21801 | Orc:1    | Reached XP level 14. HP: 135/138 MP: 13/13
 21805 | Orc:1    | Bought a pair of glowing gloves for 180 gold pieces
 21830 | Orc:1    | Found Gamigoqi's Magic Scroll Shop.
 21839 | Orc:1    | Bought a scroll of identify for 20 gold pieces
 21839 | Orc:1    | Bought a scroll of identify for 20 gold pieces
 21839 | Orc:1    | Bought a scroll of blinking for 75 gold pieces
 21839 | Orc:1    | Bought a scroll of enchant armour for 75 gold pieces
 21873 | Orc:1    | Found a burning altar of Makhleb.
 21941 | Orc:2    | Entered Level 2 of the Orcish Mines
 21988 | Orc:2    | Reached skill level 14 in Armour
 21988 | Orc:2    | Reached skill level 7 in Evocations
 22235 | Orc:1    | Found Qudusyown's Distillery.
 22244 | Orc:1    | Bought a potion of haste for 130 gold pieces
 22244 | Orc:1    | Bought a potion of curing for 39 gold pieces
 22244 | Orc:1    | Bought a potion of invisibility for 104 gold pieces
 22244 | Orc:1    | Bought a potion of heal wounds for 65 gold pieces
 22244 | Orc:1    | Gained mutation: You are frail. (-10% HP) [potion of
                  | mutation]
 22244 | Orc:1    | Gained mutation: You passively map a small area around you.
                  | [potion of mutation]
 22245 | Orc:1    | Bought a potion of mutation for 104 gold pieces
 22245 | Orc:1    | Lost mutation: You are frail. (-10% HP) [potion of
                  | mutation]
 22245 | Orc:1    | Lost mutation: You passively map a small area around you.
                  | [potion of mutation]
 22245 | Orc:1    | Gained mutation: Your muscles are strong. (Str +2) [potion
                  | of mutation]
 22245 | Orc:1    | Gained mutation: A frigid envelope surrounds you and
                  | freezes all who hurt you. [potion of mutation]
 22392 | Orc:1    | Found a frozen archway.
 22405 | Orc:1    | Reached skill level 17 in Fighting
 22515 | IceCv    | Entered an ice cave
 22684 | IceCv    | Reached skill level 1 in Shields
 22686 | IceCv    | Received a gift from Trog
 22868 | IceCv    | Noticed a frost giant
 22876 | IceCv    | Reached skill level 2 in Shields
 22886 | IceCv    | Killed a frost giant
 23232 | Orc:1    | Found Tusidic's Weapon Boutique.
 23247 | Orc:1    | Noticed Jorgrun
 23254 | Orc:1    | Reached skill level 3 in Shields
 23259 | Orc:1    | Killed Jorgrun
 23260 | Orc:1    | Reached skill level 4 in Shields
 23604 | Orc:2    | Noticed Azrael
 23609 | Orc:2    | Reached skill level 5 in Shields
 23623 | Orc:2    | Killed Azrael
 23801 | Orc:2    | Reached skill level 6 in Shields
 24211 | Orc:2    | Reached skill level 7 in Shields
 24229 | Orc:2    | Found Acosen's Book Emporium.
 24247 | Orc:2    | Found Tolyup's Distillery.
 24457 | Orc:2    | Bought a potion of lignification for 48 gold pieces
 24457 | Orc:2    | Bought a potion of resistance for 160 gold pieces
 24457 | Orc:2    | Bought a potion of flight for 48 gold pieces
 24667 | Orc:2    | Reached skill level 8 in Shields
 24879 | Orc:2    | Found a staircase to the Elven Halls.
 25235 | Orc:2    | Reached skill level 9 in Shields
 25246 | Orc:2    | Noticed Saint Roka
 25271 | Orc:2    | Received a gift from Trog
 25616 | Orc:2    | Killed Saint Roka
 25617 | Orc:2    | Reached skill level 10 in Shields
 26069 | Orc:2    | Found Givigotenn's Book Emporium.
 26245 | Orc:2    | Found Jila's General Store.
 26712 | Orc:2    | Reached skill level 11 in Shields
 27229 | Snake:1  | Entered Level 1 of the Snake Pit
 27322 | Snake:1  | Reached XP level 15. HP: 143/147 MP: 14/14
 27709 | Snake:1  | Found a runed translucent gate.
 27709 | Snake:1  | Found a runed translucent gate.
 27709 | Snake:1  | Found a runed translucent gate.
 27710 | Snake:1  | Found an opulent altar of Gozag.
 27711 | Snake:1  | Noticed Pepete's ghost (journeyman HOFi)
 27713 | Snake:1  | Found Etam's Assorted Antiques.
 27985 | Snake:1  | Reached skill level 12 in Shields
 28470 | Snake:1  | Received a gift from Trog
 28726 | Snake:1  | Killed Pepete's ghost
 28738 | Snake:1  | Reached skill level 13 in Shields
 28996 | Snake:1  | Bought a thin bronze amulet for 140 gold pieces
 28996 | Snake:1  | Bought a scroll of enchant armour for 210 gold pieces
 29054 | Snake:2  | Noticed a nagaraja
 29059 | Snake:2  | Killed a nagaraja
 29474 | Snake:3  | Reached skill level 14 in Shields
 29491 | Snake:4  | Entered Level 4 of the Snake Pit
 29698 | Snake:4  | Reached skill level 15 in Shields
 30065 | Snake:4  | Noticed a nagaraja
 30065 | Snake:4  | Noticed a nagaraja
 30089 | Snake:4  | Killed a nagaraja
 30090 | Snake:4  | Reached skill level 16 in Shields
 30093 | Snake:4  | Killed a nagaraja
 30435 | Snake:4  | Noticed a nagaraja
 30459 | Snake:4  | Killed a nagaraja
 30461 | Snake:4  | Noticed a nagaraja
 30469 | Snake:4  | Killed a nagaraja
 30471 | Snake:4  | Reached skill level 17 in Shields
 30488 | Snake:4  | Noticed a nagaraja
 30732 | Snake:4  | Killed a nagaraja
 30819 | Snake:4  | Noticed a nagaraja
 30836 | Snake:4  | Killed a nagaraja
 30836 | Snake:4  | Received a gift from Trog
 30837 | Snake:4  | Reached XP level 16. HP: 155/155 MP: 15/15
 30961 | Snake:4  | Reached skill level 18 in Shields
 31066 | Snake:4  | Got a serpentine rune of Zot
 31422 | Snake:4  | Reached skill level 3 in Dodging
 31623 | Swamp:1  | Entered Level 1 of the Swamp
 31763 | Swamp:2  | Noticed a thorn hunter
 31768 | Swamp:2  | Killed a thorn hunter
 31859 | Swamp:2  | Reached skill level 18 in Fighting
 32176 | Swamp:3  | Reached skill level 4 in Dodging
 32802 | Swamp:4  | Entered Level 4 of the Swamp
 32829 | Swamp:4  | Reached skill level 15 in Armour
 33320 | Swamp:4  | Reached skill level 5 in Dodging
 33845 | Swamp:4  | Reached skill level 19 in Fighting
 34244 | Swamp:4  | Noticed a tentacled monstrosity
 34250 | Swamp:4  | Reached skill level 6 in Dodging
 34250 | Swamp:4  | Reached XP level 17. HP: 168/168 MP: 16/16
 34253 | Swamp:4  | Killed a tentacled monstrosity
 34577 | Swamp:4  | Got a decaying rune of Zot
 34810 | D:12     | Received a gift from Trog
 34933 | D:12     | Found a sacrificial altar of Ru.
 35627 | D:13     | Reached skill level 19 in Shields
 36657 | D:14     | Noticed Agnes
 36669 | D:14     | Killed Agnes
 36681 | D:14     | Reached skill level 16 in Armour
 36690 | D:14     | Reached skill level 7 in Dodging
 36759 | D:14     | Noticed Kirke
 36771 | D:14     | Killed Kirke
 36880 | D:14     | Reached skill level 20 in Fighting
 37310 | D:14     | Found a portal to a secret trove of treasure.
 37379 | D:14     | Found a gate to the Vaults.
 37541 | D:15     | Entered Level 15 of the Dungeon
 37583 | D:15     | Reached ****** piety under Trog
 37590 | D:15     | Received a gift from Trog
 38439 | D:15     | Found a staircase to the Depths.
 38447 | D:15     | Reached skill level 8 in Dodging
 38746 | D:15     | Found a corrupted altar of Lugonu.
 39494 | Slime:1  | Entered Level 1 of the Pits of Slime
 39861 | Slime:2  | Noticed an acid blob
 39874 | Slime:2  | Killed an acid blob
 39900 | Slime:2  | Reached skill level 21 in Fighting
 40126 | Slime:1  | Received a gift from Trog
 40133 | Slime:1  | Reached XP level 18. HP: 182/182 MP: 17/17
 40227 | Slime:1  | Gained mutation: Armour fits poorly on your strangely
                  | shaped body. [a shining eye]
 40267 | Slime:1  | You fall into a shaft and drop 1 floor!
 40279 | Slime:2  | Reached skill level 17 in Armour
 40703 | Slime:3  | Reached skill level 20 in Shields
 40712 | Slime:3  | Gained mutation: Your system is resistant to poisons.
                  | (rPois) [a shining eye]
 40718 | Slime:3  | Gained mutation: Your mind is acute. (Int +2) [a shining
                  | eye]
 40904 | Slime:5  | Entered Level 5 of the Pits of Slime
 41160 | Orc:1    | Bought a scroll of torment for 75 gold pieces
 41160 | Orc:1    | Bought a scroll of teleportation for 30 gold pieces
 41160 | Orc:1    | Bought a scroll of holy word for 75 gold pieces
 41160 | Orc:1    | Bought a scroll of holy word for 75 gold pieces
 41446 | Slime:5  | Noticed the Royal Jelly
 41592 | Slime:4  | Gained mutation: Your magical capacity is low. (-10% MP) [a
                  | shining eye]
 41940 | Slime:4  | Received a gift from Trog
 41943 | Slime:4  | Reached skill level 22 in Fighting
 43294 | Slime:5  | Killed the Royal Jelly
 43317 | Slime:5  | HP: 25/277 [acid (3)]
 43329 | Slime:5  | HP: 23/277 [acid blob/splash of acid (14)]
 43336 | Slime:5  | HP: 22/277 [acid blob (13)]
 43337 | Slime:5  | Mangled by an acid blob

Vanquished Creatures
  the Royal Jelly (Slime:5)
  Saint Roka (Orc:2)
  Jorgrun (Orc:1)
  A tentacled monstrosity (Swamp:4)
  19 acid blobs
  Agnes (D:14)
  A thorn hunter (Swamp:2)
  Kirke (D:14)
  A fenstrider witch (Swamp:2)
  15 azure jellies
  10 nagarajas
  6 rockslimes
  The ghost of Pepete the Severer, a journeyman HOFi of Gozag (Snake:1)
  A frost giant (IceCv)
  10 quicksilver oozes
  3 very ugly things
  3 eleionomae
  Azrael (Orc:2)
  2 green deaths (Swamp:4)
  7 bunyips
  2 great orbs of eyes
  A shambling mangrove (Swamp:4)
  A rakshasa (D:15)
  Fannar (Lair:2)
  9 hydras
  A vault guard (D:14)
  An ice dragon (Orc:1)
  A catoblepas (Lair:6)
  5 boulder beetles
  11 naga warriors
  7 centaur warriors
  4 ghost crabs
  5 alligators
  7 anacondas
  An ogre mage (D:15)
  4 death yaks
  6 two-headed ogres
  A deep troll shaman (Lair:6)
  4 orc high priests (Orc:2)
  A thrashing horror (Swamp:4)
  A tengu warrior (D:14)
  4 shock serpents
  Nergalle (Lair:3)
  10 naga sharpshooters
  3 goliath frogs
  4 skeletal warriors (D:15)
  A steelbarb worm (shapeshifter) (D:15)
  A fire crab (shapeshifter) (D:13)
  5 sea snakes (Snake:4)
  A spriggan druid (Swamp:4)
  2 salamander mystics (Snake:4)
  An obsidian statue (Snake:1)
  2 naga ritualists
  5 bog bodies (Swamp:4)
  5 orc knights
  7 swamp dragons
  2 deep elf pyromancers (D:13)
  Pikel (D:6)
  4 mana vipers
  2 wizards
  5 orc sorcerers
  6 shining eyes
  7 cyclopes
  3 lindwurms
  The ghost of mortz the Firebug, a novice DrFE of Vehumet (D:5)
  An oklob plant (D:11)
  A manticore (shapeshifter) (D:13)
  A manticore (D:13)
  19 ugly things
  13 black mambas
  2 salamanders (Snake:1)
  4 will-o-the-wisps
  14 elephants
  A gargoyle (D:14)
  4 guardian serpents (Snake:4)
  9 naga magi
  An orange demon (Swamp:4)
  An ice statue (IceCv)
  A torpor snail (Lair:2)
  2 eyes of devastation (Slime:4)
  17 cane toads
  A rime drake (Lair:6)
  5 unseen horrors
  A rime drake (shapeshifter) (D:14)
  2 efreet
  9 komodo dragons
  5 tyrant leeches
  13 polar bears
  3 meliai (D:13)
  6 hornets
  8 trolls
  Prince Ribbit (D:6)
  90 slime creatures
  5 dream sheep (Lair:5)
  11 blink frogs
  Sigmund (D:2)
  2 large abominations (Swamp:4)
  A water elemental (D:14)
  3 shadows (Swamp:4)
  4 fire elementals (Orc:2)
  5 spriggans (Swamp:4)
  65 yaks
  2 fire bats (Lair:3)
  10 golden eyes
  3 hogs (D:14)
  5 wyverns
  The ghost of Bediveer the Skirmisher, an amateur FoAK of Lugonu (D:4)
  A steam dragon (shapeshifter) (D:13)
  2 basilisks
  A basilisk (shapeshifter) (D:15)
  8 vampire mosquitoes
  6 swamp worms
  Edmund (D:4)
  2 wargs
  26 nagas
  9 water moccasins
  An acid dragon (D:12)
  3 hell hounds (Orc:2)
  48 orc warriors
  A sky beast (D:7)
  9 ogres
  22 wolves
  15 centaurs
  A necrophage (D:5)
  4 lemures (D:6)
  A phantom (D:6)
  Blork the orc (D:6)
  A kobold brigand (D:4)
  8 bullfrogs
  A scorpion (D:5)
  A water moccasin zombie (D:5)
  A water moccasin skeleton (D:7)
  A small abomination (Swamp:4)
  5 wights (D:8)
  2 howler monkeys
  2 lava snakes (Lair:1)
  A crimson imp (D:6)
  A centaur zombie (D:5)
  A jelly (D:6)
  A bullfrog skeleton (D:5)
  4 centaur skeletons
  2 gnoll shamans
  4 hounds
  32 orc priests
  4 iguanas
  26 orc wizards
  Ijyb (D:3)
  A killer bee zombie (D:5)
  A hound skeleton (D:5)
  9 gnolls
  13 adders
  2 white imps
  An adder skeleton (D:4)
  A dart slug (D:1)
  116 orcs
  4 endoplasms
  A giant cockroach (D:3)
  6 goblins
  8 hobgoblins
  3 jackals (D:2)
  5 quokkas
  7 ball pythons
  A bat (D:2)
  3 frilled lizards
  2 kobolds
  4 rats
  A bush (Lair:6)
1046 creatures vanquished.

Vanquished Creatures (others)
  An eleionoma (Swamp:2)
  A bloated husk (Swamp:3)
  2 spriggans
  A naga (Snake:4)
  An orc wizard (D:10)
  An orc (D:5)
  19 foxfires
  37 fungi
  50 plants
113 creatures vanquished.

Grand Total: 1159 creatures vanquished

Table legend: (Time is in decaauts)
 A = Elapsed time spent in this place.
 B = Non-inter-level travel time spent in this place.
 C = Inter-level travel time spent in this place.
 D = Time resting spent in this place.
 E = Time spent auto-exploring this place.
 F = Levels seen in this place.
 G = Mean time per level.
                   A        B        C        D        E       F      G
               +--------+--------+--------+--------+--------+-----+--------+
         Total |  43834 |  41270 |   2564 |  13304 |  21688 |  37 | 1184.7 |
       Dungeon |  16792 |  15866 |    926 |   3372 |  10364 |  14 | 1199.4 |
        Temple |      1 |      1 |      0 |      0 |      0 |   1 |    1.0 |
          Lair |  10488 |   9580 |    908 |   2772 |   5653 |   6 | 1748.0 |
         Swamp |   3229 |   3093 |    136 |   1801 |    561 |   4 |  807.2 |
     Snake Pit |   4596 |   4211 |    385 |   1697 |   1751 |   4 | 1149.0 |
    Slime Pits |   3477 |   3389 |     88 |   2499 |    286 |   5 |  695.4 |
  Orcish Mines |   4622 |   4504 |    118 |    994 |   2804 |   2 | 2311.0 |
      Ice Cave |    626 |    626 |      0 |    166 |    266 |   1 |  626.0 |
               +--------+--------+--------+--------+--------+-----+--------+

Top non-repeatable levels by time:
   Orc:2: 2961 daAuts
  Lair:6: 2279 daAuts
 Snake:4: 2121 daAuts
     D:6: 2105 daAuts
  Lair:2: 2028 daAuts
 Snake:1: 1967 daAuts
    D:11: 1958 daAuts
    D:10: 1947 daAuts
  Lair:1: 1826 daAuts
   Orc:1: 1660 daAuts
  Lair:5: 1592 daAuts
  Lair:4: 1557 daAuts
 Swamp:4: 1541 daAuts
 Slime:4: 1452 daAuts
    D:15: 1375 daAuts

Table legend:
 A = Non-vault XP
 B = Vault XP
 C = Vault XP percentage of total XP
 D = Non-vault monster count
 E = Vault monster count
 F = Vault count percentage of total count
                 A         B        C        D         E       F
            +---------+---------+-------+---------+---------+-------
      Total |  209419 |  141823 |  40.4 |     618 |     407 |  39.7
            +---------+---------+-------+---------+---------+-------
        D:1 |      20 |       0 |   0.0 |      12 |       0 |   0.0
        D:2 |      65 |     224 |  77.5 |      16 |       3 |  15.8
        D:3 |     110 |     182 |  62.3 |      16 |       7 |  30.4
        D:4 |     405 |     446 |  52.4 |      22 |       8 |  26.7
        D:5 |     569 |     759 |  57.2 |      16 |       5 |  23.8
        D:6 |     907 |    1076 |  54.3 |      11 |       5 |  31.2
        D:7 |    1114 |       0 |   0.0 |      28 |       0 |   0.0
        D:8 |     454 |     200 |  30.6 |      10 |       2 |  16.7
       D:10 |    1889 |     857 |  31.2 |      19 |      15 |  44.1
       D:11 |    5659 |     550 |   8.9 |      11 |       1 |   8.3
       D:12 |    3119 |       0 |   0.0 |      11 |       0 |   0.0
       D:13 |   10209 |    3986 |  28.1 |      23 |       9 |  28.1
       D:14 |    7659 |    7014 |  47.8 |      21 |      34 |  61.8
       D:15 |   13337 |    8891 |  40.0 |      30 |      11 |  26.8
     Lair:1 |    2933 |     100 |   3.3 |      12 |       2 |  14.3
     Lair:2 |    5505 |     870 |  13.6 |      19 |       1 |   5.0
     Lair:3 |    3656 |    2004 |  35.4 |      12 |       3 |  20.0
     Lair:4 |    4735 |     330 |   6.5 |      17 |       2 |  10.5
     Lair:5 |    7846 |     433 |   5.2 |      28 |       1 |   3.4
     Lair:6 |   12590 |    7822 |  38.3 |      42 |      17 |  28.8
    Swamp:1 |    1103 |       0 |   0.0 |       2 |       0 |   0.0
    Swamp:2 |    8009 |       0 |   0.0 |      13 |       0 |   0.0
    Swamp:3 |    7406 |       0 |   0.0 |      13 |       0 |   0.0
    Swamp:4 |   17554 |   18227 |  50.9 |      32 |      29 |  47.5
    Snake:1 |    9409 |    5750 |  37.9 |      16 |       8 |  33.3
    Snake:2 |    2273 |     587 |  20.5 |       3 |       2 |  40.0
    Snake:3 |    1418 |     855 |  37.6 |       3 |       1 |  25.0
    Snake:4 |   19652 |   26186 |  57.1 |      40 |      35 |  46.7
    Slime:1 |   16840 |       0 |   0.0 |      37 |       0 |   0.0
    Slime:2 |   12345 |       0 |   0.0 |      23 |       0 |   0.0
    Slime:3 |    6523 |       0 |   0.0 |       6 |       0 |   0.0
    Slime:4 |   15819 |       0 |   0.0 |      32 |       0 |   0.0
    Slime:5 |    5385 |   20244 |  79.0 |       7 |      14 |  66.7
      Orc:1 |    2902 |    4307 |  59.7 |      15 |       9 |  37.5
      Orc:2 |       0 |   21625 | 100.0 |       0 |     149 | 100.0
      IceCv |       0 |    8298 | 100.0 |       0 |      34 | 100.0
            +---------+---------+-------+---------+---------+-------
